 Dungeon Crawl Stone Soup version 0.21.0-3-g78d12a8 (webtiles) character file.

12819 Monsterracer the Severer (level 11, -2/99 HPs)
             Began as a Hill Orc Warper on Jan 9, 2018.
             Was a Priest of Zin.
             Slain by Fannar
             ... wielding an uncursed staff of cold
              (15 damage)
             ... on level 1 of the Lair of Beasts.
             The game lasted 00:25:39 (19503 turns).

Monsterracer the Severer (Hill Orc Warper)         Turns: 19503, Time: 00:25:40

Health: -2/99      AC: 17    Str: 20    XL:     11   Next: 99%
Magic:  19/19      EV:  7    Int: 13    God:    Zin [***...]
Gold:   553        SH:  3    Dex:  8    Spells: 13/13 levels left

rFire    . . .     SeeInvis .   a - +0 battleaxe
rCold    . . .     Gourm    .   (shield currently unavailable)
rNeg     + . .     Faith    .   t - +0 plate armour
rPois    .         Spirit   .   (no helmet)
rElec    .         Reflect  +   (no cloak)
rCorr    .         Harm     .   l - +2 pair of gloves
MR       .....                  (no boots)
Stlth    ..........             s - +3 amulet of reflection
HPRegen  0.26/turn              o - ring of flight
MPRegen  0.16/turn              k - ring of positive energy {!d}

@: no status effects
A: clumsy 1, strong 1
a: Recite, Vitalisation, Imprison, Donate Gold, Renounce Religion, Evoke Flight


You were on level 1 of the Lair of Beasts.
You worshipped Zin.
Zin was most pleased with you.
You were not hungry.

You visited 3 branches of the dungeon, and saw 13 of its levels.

You collected 656 gold pieces.
You spent 42 gold pieces at shops.
You donated 61 gold pieces to Zin.

Inventory:

Hand Weapons
 a - a +0 battleaxe (weapon)
 b - a +2 dire flail of crushing
 y - a +0 morningstar
Missiles
 e - 5 tomahawks of dispersal (quivered)
 D - 2 tomahawks
Armour
 l - a +2 pair of gloves (worn)
 r - a +1 ring mail of magic resistance
 t - a +0 plate armour (worn)
Jewellery
 k - a ring of positive energy (right hand) {!d}
 o - a ring of flight (left hand)
 s - a +3 amulet of reflection (around neck)
Wands
 w - a wand of paralysis (2)
 A - a wand of flame (26)
 B - a wand of digging (15)
Scrolls
 d - a scroll of blinking
 j - 4 scrolls of magic mapping {!r}
 p - 4 scrolls of teleportation
 q - 5 scrolls of remove curse
 v - 5 scrolls of enchant armour
 z - a scroll of fog
 E - a scroll of identify
Potions
 g - a potion of curing
 h - a potion of cancellation
 i - a potion of might
 m - 2 potions of heal wounds
 n - 3 potions of ambrosia {!q}
 x - 2 potions of flight
 C - 3 potions of haste
Books
 f - a book of Spatial Translocations

   Spells                             Type                      Level
   a - Blink                          Translocation                2
   b - Shroud of Golubria             Charms/Translocation         2
   c - Lesser Beckoning               Translocation                3
   d - Gell's Gravitas                Translocation                3
   e - Teleport Other                 Translocation                3
   f - Passage of Golubria            Translocation                4
Comestibles
 c - 2 rations


   Skills:
 + Level 10.1 Fighting
 * Level 15.2 Axes
 - Level 0.8 Throwing
 + Level 9.1 Armour
 - Level 1.5 Dodging
 - Level 1.5 Spellcasting
   Level 2.4 Translocations
 + Level 11.0 Invocations


You had 13 spell levels left.
You didn't know any spells.

Dungeon Overview and Level Annotations

Branches:
Dungeon (11/15)            Temple (1/1) D:6            Lair (1/6) D:11
    Orc (0/2) D:9

Altars:
Ashenzari
Cheibriados
Dithmenos
Elyvilon
Fedhas
Gozag
Hepliaklqana
Kikubaaqudgha
Makhleb
Nemelex Xobeh
Okawaru
Qazlal
Ru
Sif Muna
Trog
Uskayaw
Vehumet
Wu Jian
Xom
Yredelemnul
Zin
The Shining One

Shops:
D:6 (

Annotations:
D:10 exclusions: obsidian statue and orange crystal statue
Lair:1 Fannar


Innate Abilities, Weirdness & Mutations

You are clumsy. (Dex -2)
Your muscles are strong. (Str +2)


Message History

Fannar is lightly wounded.
You are struck by the porcupine's spines.
You slash the porcupine!
The porcupine bites you but does no damage.
Fannar hits you but does no damage.
You take 1 damage, and have 86/99 hp.
You barely miss Fannar.
Fannar is lightly wounded.
You hit the porcupine.
You kill the porcupine!
Fannar hits you but does no damage.
You closely miss Fannar.
Fannar is lightly wounded.
Fannar barely misses you.
You closely miss Fannar.
Fannar is lightly wounded.
Fannar hits you but does no damage.
You hit Fannar but do no damage.
Fannar is lightly wounded.
You closely miss Fannar.
Fannar is lightly wounded.
Fannar hits you but does no damage.
You closely miss Fannar.
Fannar is lightly wounded.
Fannar closely misses you.
Unknown command.
You closely miss Fannar.
Fannar is lightly wounded.
Fannar hits you but does no damage.
You miss Fannar.
Fannar is lightly wounded.
Fannar closely misses you.
Unknown command.
You slice Fannar!!
Fannar is moderately wounded.
Fannar mumbles some strange words.
You miss Fannar.
Fannar is moderately wounded.
Fannar hits you but does no damage.
You closely miss Fannar.
Fannar is moderately wounded.
You hit Fannar.
Fannar is moderately wounded.
You block Fannar's attack.
You barely miss Fannar.
Fannar is moderately wounded.
You hit the ice beast. Fannar hits you but does no damage.
The ice beast hits you. The ice beast freezes you!
You take 14 damage, and have 74/99 hp.
You closely miss Fannar.
Fannar is moderately wounded.
You hit the ice beast but do no damage.
The ice beast hits you but does no damage.
Fannar mumbles some strange words.
Fannar drains the heat from the surrounding environment!
You feel very cold.
Fannar is frozen.
Fannar resists.
Fannar is moderately wounded.
You slash Fannar!
Fannar is heavily wounded.
Your plate armour prevents you from hitting the ice beast.
The ice beast barely misses you. Fannar hits you but does no damage.
You take 16 damage, and have 58/99 hp.
Unknown command.
You slash Fannar!
Fannar is severely wounded.
You slice the ice beast!!
You kill the ice beast!
Fannar hits you but does no damage.
You miss Fannar.
Fannar is severely wounded.
Fannar hits you with a staff of cold. Fannar freezes you!
You take 6 damage, and have 52/99 hp.
You miss Fannar.
Fannar is severely wounded.
Fannar hits you but does no damage.
Unknown command.
You hit Fannar but do no damage.
Fannar is severely wounded.
You barely miss Fannar.
Fannar is severely wounded.
Fannar gestures wildly while chanting.
Fannar drains the heat from the surrounding environment!
You feel very cold.
* * * LOW HITPOINT WARNING * * *
Fannar is frozen.
Fannar resists.
Fannar is severely wounded.
You barely miss Fannar.
Fannar is severely wounded.
Fannar hits you with a staff of cold.
* * * LOW HITPOINT WARNING * * *
Fannar freezes you!
* * * LOW HITPOINT WARNING * * *
You take 36 damage, and have 16/99 hp.
MASSIVE DAMAGE!!
You closely miss Fannar.
Fannar is severely wounded.
Some snowflakes condense on Fannar.
Fannar hits you with a staff of cold.
* * * LOW HITPOINT WARNING * * *
Fannar freezes you!
You die...

########################
...........##..........#
.........#.....#......##
........#.#....##.....#
........##.....##....##
.).......#).........##
...................##
..................##
................@##
................†e......
........................
........ ...............
........ ...............
........ ...............
........ ...............
....... ...............
......


You could see Fannar.

Vanquished Creatures
  A hydra (D:11)
  Erica (D:9)
  A deep elf mage (D:10)
  A cyclops (D:11)
  A queen bee (D:9)
  A troll (D:10)
  6 hippogriffs
  8 yaks
  2 basilisks
  Menkaure (D:5)
  A hungry ghost (D:9)
  The ghost of othur the Cudgeler, an amateur GrFi (D:4)
  4 water moccasins (Lair:1)
  6 porcupines
  3 ice beasts
  8 orc warriors
  4 black bears
  A wolf (D:11)
  9 ogres
  A phantom (D:10)
  3 centaurs
  2 crocodiles (D:11)
  A big kobold (D:8)
  4 bullfrogs
  2 scorpions
  24 killer bees
  4 wights (D:7)
  An electric eel (Lair:1)
  11 crimson imps
  A centaur zombie (D:6)
  A bullfrog zombie (D:7)
  8 hounds
  4 jellies
  5 orc priests
  3 bullfrog skeletons
  16 orc wizards
  An iguana (D:7)
  5 worker ants
  A howler monkey zombie (D:5)
  A worker ant zombie (D:11)
  7 gnolls
  17 adders
  2 oozes
  5 worms
  2 dart slugs
  5 leopard geckos
  66 orcs
  8 giant cockroaches
  4 goblins
  4 hobgoblins
  6 jackals
  8 quokkas
  A ball python (D:3)
  11 bats
  A frilled lizard (D:5)
  5 kobolds
  A quokka skeleton (D:2)
  7 rats
  A fungus (Lair:1)
  2 plants (Lair:1)
322 creatures vanquished.

Vanquished Creatures (collateral kills)
  A bullfrog (D:10)
1 creature vanquished.

Vanquished Creatures (others)
  A bush (D:6)
1 creature vanquished.

Grand Total: 324 creatures vanquished

Notes
Turn   | Place    | Note
-------+----------+-------------------------------------------
     0 | D:1      | Monsterracer the Hill Orc Warper began the quest for the Orb.
     0 | D:1      | Reached XP level 1. HP: 18/18 MP: 3/3
    37 | D:1      | Reached skill level 3 in Axes
   144 | D:1      | Reached XP level 2. HP: 25/25 MP: 4/4
   783 | D:2      | Reached skill level 4 in Axes
  1039 | D:2      | Reached XP level 3. HP: 30/30 MP: 5/5
  1068 | D:2      | Found a snail-covered altar of Cheibriados.
  1547 | D:2      | HP: 15/30 [poisoned by an adder]
  1548 | D:2      | Reached skill level 5 in Axes
  1553 | D:2      | HP: 14/30 [poisoned by an adder]
  1561 | D:2      | HP: 12/30 [poisoned by an adder]
  1815 | D:2      | Found a bloodstained altar of Trog.
  1815 | D:2      | Found an ornate altar of the Wu Jian Council.
  1817 | D:2      | Found a sacrificial altar of Ru.
  2131 | D:2      | Reached XP level 4. HP: 37/37 MP: 6/6
  2519 | D:3      | Found a bloodstained altar of Trog.
  2614 | D:3      | Reached skill level 6 in Axes
  2614 | D:3      | Reached XP level 5. HP: 34/45 MP: 7/7
  2638 | D:3      | HP: 22/45 [orc/club (1)]
  3027 | D:3      | Reached XP level 6. HP: 30/51 MP: 8/8
  3639 | D:3      | Found a deep blue altar of Sif Muna.
  3765 | D:5      | Entered Level 5 of the Dungeon
  3798 | D:5      | Reached skill level 7 in Axes
  4184 | D:5      | Reached XP level 7. HP: 59/59 MP: 9/9
  4321 | D:5      | Found a shimmering altar of Xom.
  4389 | D:5      | Reached skill level 8 in Axes
  4564 | D:5      | Found a shimmering altar of Xom.
  4564 | D:5      | Noticed Menkaure
  4572 | D:5      | Gained mutation: You are clumsy. (Dex -2) [potion of mutation]
  4572 | D:5      | Gained mutation: You evolve. [potion of mutation]
  4572 | D:5      | Gained mutation: Your muscles are strong. (Str +2) [potion of mutation]
  4595 | D:5      | HP: 44/90 [Menkaure (14)]
  4596 | D:5      | Killed Menkaure
  4604 | D:5      | HP: 44/90 [crimson imp (2)]
  4619 | D:5      | HP: 28/60 [crimson imp (4)]
  4691 | D:5      | Reached skill level 5 in Fighting
  5085 | D:6      | Reached skill level 9 in Axes
  5094 | D:6      | Reached XP level 8. HP: 44/68 MP: 10/10
  5266 | D:6      | HP: 34/69 [orc/dagger (4)]
  5274 | D:6      | HP: 22/69 [orc/dagger (2)]
  5668 | D:6      | Found a staircase to the Ecumenical Temple.
  5685 | Temple   | Entered the Ecumenical Temple
  6183 | D:6      | Reached skill level 5 in Armour
  6264 | D:6      | Reached skill level 10 in Axes
  6275 | D:6      | HP: 34/70 [orc warrior/mace (7)]
  6281 | D:6      | HP: 26/70 [orc warrior/mace (6)]
  6854 | D:6      | Found Foejurao's Weapon Emporium.
  6857 | D:6      | Bought a +0 war axe for 42 gold pieces
  7019 | D:6      | Found a glowing silver altar of Zin.
  7025 | D:6      | Became a worshipper of Zin the Law-Giver
  7025 | D:6      | Reached * piety under Zin
  7314 | D:7      | Reached skill level 1 in Invocations
  7419 | D:4      | Noticed othur's ghost (amateur GrFi)
  7591 | D:4      | HP: 32/71 [othur's ghost (7)]
  7592 | D:4      | Killed othur's ghost
  7592 | D:4      | Reached XP level 9. HP: 35/78 MP: 11/11
  7846 | D:4      | Reached skill level 11 in Axes
  8184 | D:4      | Reached ** piety under Zin
  8510 | D:4      | Lost mutation: You evolve. [evolution]
  9001 | D:7      | HP: 36/78 [centaur/arrow (11)]
  9018 | D:7      | HP: 39/78 [centaur/dagger (1)]
  9025 | D:7      | HP: 33/79 [bullfrog zombie (5)]
  9037 | D:7      | HP: 31/79 [orc wizard/dagger (3)]
  9096 | D:7      | HP: 39/79 [poisoned by an orc]
  9102 | D:7      | HP: 36/79 [poisoned by an orc]
  9109 | D:7      | HP: 35/79 [poisoned by an orc]
  9116 | D:7      | HP: 35/79 [poisoned by an orc]
  9117 | D:7      | HP: 16/79 [orc warrior/mace (5)]
  9124 | D:7      | HP: 15/79 [poisoned by an orc]
  9734 | D:7      | Reached skill level 5 in Invocations
 10177 | D:7      | Reached skill level 12 in Axes
 10561 | D:8      | Reached *** piety under Zin
 10819 | D:7      | HP: 29/80 [orc warrior/broad axe (16)]
 10843 | D:6      | HP: 11/80 [orc warrior/broad axe (14)]
 11149 | D:6      | HP: 37/80 [orc warrior/broad axe (15)]
 11150 | D:6      | Reached XP level 10. HP: 41/88 MP: 14/14
 11875 | D:8      | Found an iron altar of Okawaru.
 12030 | D:8      | HP: 43/88 [poisoned by a killer bee]
 12035 | D:8      | HP: 27/88 [poisoned by a killer bee]
 12040 | D:8      | HP: 17/88 [poisoned by a killer bee]
 12046 | D:8      | HP: 19/88 [killer bee (4)]
 12502 | D:9      | HP: 36/88 [yak (10)]
 12508 | D:9      | HP: 34/88 [orc (2)]
 13076 | D:9      | Found a staircase to the Orcish Mines.
 13107 | D:9      | Reached skill level 13 in Axes
 13124 | D:9      | HP: 35/89 [orc warrior/mace (13)]
 13128 | D:9      | HP: 8/89 [orc warrior/mace (10)]
 13136 | D:9      | HP: 8/89 [poisoned by a killer bee]
 13142 | D:9      | HP: 4/89 [killer bee (4)]
 13147 | D:9      | HP: 21/89 [acid (4)]
 13425 | D:8      | HP: 45/90 [killer bee (5)]
 13430 | D:8      | HP: 39/90 [poisoned by a killer bee]
 13437 | D:8      | HP: 38/90 [poisoned by a killer bee]
 13444 | D:8      | HP: 38/90 [poisoned by a killer bee]
 13452 | D:8      | HP: 38/90 [poisoned by a killer bee]
 13716 | D:9      | HP: 45/90 [poisoned by a killer bee]
 13717 | D:9      | Noticed Erica
 13721 | D:9      | HP: 30/90 [poisoned by a killer bee]
 13726 | D:9      | HP: 21/90 [poisoned by a killer bee]
 13731 | D:9      | HP: 16/90 [poisoned by a killer bee]
 13736 | D:9      | HP: 12/90 [poisoned by a killer bee]
 13741 | D:9      | HP: 9/90 [killer bee (2)]
 13914 | D:9      | HP: 35/90 [Erica/orb of energy (22)]
 13915 | D:9      | HP: 15/90 [Erica/bolt of poison (20)]
 13921 | D:9      | HP: 12/90 [poisoned by Erica (bolt of poison)]
 13928 | D:9      | HP: 11/90 [poisoned by Erica (bolt of poison)]
 13933 | D:9      | HP: 11/90 [poisoned by Erica (bolt of poison)]
 13939 | D:9      | HP: 11/90 [poisoned by Erica (bolt of poison)]
 13944 | D:9      | HP: 26/90 [Erica/scimitar of flaming (11)]
 13949 | D:9      | HP: 13/90 [something (4)]
 13950 | D:9      | HP: 3/90 [something (8)]
 13955 | D:9      | HP: 12/90 [something (10)]
 13956 | D:9      | Killed Erica
 14008 | D:9      | HP: 21/90 [killer bee (6)]
 14010 | D:9      | HP: 10/90 [killer bee (4)]
 14012 | D:9      | HP: 3/90 [killer bee (4)]
 14017 | D:9      | HP: 16/90 [poisoned by a killer bee]
 14022 | D:9      | HP: 10/90 [poisoned by a killer bee]
 14027 | D:9      | HP: 8/90 [poisoned by a killer bee]
 14034 | D:9      | HP: 8/90 [poisoned by a killer bee]
 14042 | D:9      | HP: 8/90 [poisoned by a killer bee]
 14406 | D:9      | HP: 44/90 [poisoned by a killer bee]
 14411 | D:9      | HP: 36/90 [poisoned by a killer bee]
 14416 | D:9      | HP: 31/90 [poisoned by a killer bee]
 14421 | D:9      | HP: 28/90 [poisoned by a killer bee]
 14427 | D:9      | HP: 25/90 [poisoned by a killer bee]
 14433 | D:9      | HP: 24/90 [poisoned by a killer bee]
 14441 | D:9      | HP: 24/90 [poisoned by a killer bee]
 14449 | D:9      | HP: 24/90 [poisoned by a killer bee]
 14995 | D:9      | Reached XP level 11. HP: 86/95 MP: 16/18
 15189 | D:9      | HP: 47/95 [queen bee (6)]
 15194 | D:9      | HP: 41/97 [poisoned by a queen bee]
 15199 | D:9      | HP: 37/97 [poisoned by a queen bee]
 15204 | D:9      | HP: 35/97 [poisoned by a queen bee]
 15210 | D:9      | HP: 33/97 [poisoned by a queen bee]
 15216 | D:9      | HP: 33/97 [poisoned by a queen bee]
 15224 | D:9      | HP: 33/97 [poisoned by a queen bee]
 15647 | D:9      | Found a radiant altar of Vehumet.
 15721 | D:10     | Entered Level 10 of the Dungeon
 15732 | D:10     | Reached **** piety under Zin
 16051 | D:10     | Noticed a deep elf mage
 16058 | D:10     | Killed a deep elf mage
 16058 | D:10     | Reached skill level 10 in Invocations
 16185 | D:10     | Reached skill level 14 in Axes
 16389 | D:10     | HP: 46/97 [killer bee (5)]
 16394 | D:10     | HP: 43/97 [poisoned by a killer bee]
 16399 | D:10     | HP: 36/97 [poisoned by a killer bee]
 16404 | D:10     | HP: 30/97 [poisoned by a killer bee]
 16410 | D:10     | HP: 27/97 [poisoned by a killer bee]
 16415 | D:10     | HP: 26/97 [poisoned by a killer bee]
 16422 | D:10     | HP: 26/97 [poisoned by a killer bee]
 16430 | D:10     | HP: 26/97 [poisoned by a killer bee]
 16949 | D:10     | Noticed an obsidian statue
 16949 | D:10     | Noticed an orange crystal statue
 17068 | D:10     | Reached ***** piety under Zin
 17607 | D:11     | Noticed a cyclops
 17614 | D:11     | Killed a cyclops
 17893 | D:11     | Noticed a four-headed hydra
 17905 | D:11     | Killed a four-headed hydra
 18141 | D:11     | HP: 49/99 [crocodile (4)]
 18146 | D:11     | HP: 25/99 [crocodile (7)]
 18160 | D:11     | HP: 21/99 [porcupine (7)]
 18167 | D:11     | HP: 16/99 [porcupine (4)]
 18172 | D:11     | HP: 9/99 [basilisk (5)]
 18172 | D:11     | HP: 1/99 [porcupine (8)]
 18683 | D:11     | Found a staircase to the Lair.
 18945 | D:11     | Reached skill level 15 in Axes
 19031 | Lair:1   | Entered Level 1 of the Lair of Beasts
 19038 | Lair:1   | Reached skill level 10 in Fighting
 19473 | Lair:1   | Noticed Fannar
 19501 | Lair:1   | HP: 28/99 [Fannar/Ozocubu's Refrigeration (24)]
 19503 | Lair:1   | HP: 13/99 [Fannar/staff of cold (3)]
 19503 | Lair:1   | Slain by Fannar

Skill      XL: |  1  2  3  4  5  6  7  8  9 10 11 |
---------------+----------------------------------+-----
Axes           | 3 4 5 6 7 9 10 12 13 15 | 15.2
Fighting       | 3 4 5 6 7 8 10 | 10.1
Armour         | 2 3 4 5 6 7 9 |  9.1
Invocations    | 2 6 9 11 | 11.0
Throwing       | |  0.8
Dodging        | |  1.5
Spellcasting   | |  1.5
Translocations | |  2.4

Action                   |  1- 3 |  4- 6 |  7- 9 | 10-12 || total
-------------------------+-------+-------+-------+-------++-------
Melee: Hand axe          |   163 |   275 |   303 |       ||   741
       War axe           |       |       |   248 |       ||   248
       Broad axe         |       |       |       |   212 ||   212
       Battleaxe         |       |       |       |   549 ||   549
       Dire flail        |       |       |       |     9 ||     9
Invok: Recite            |       |       |     2 |     3 ||     5
Evoke: Wand              |       |       |       |     4 ||     4
  Use: Potion            |       |     1 |     2 |     7 ||    10
       Scroll            |       |     9 |     4 |    11 ||    24
 Stab: Paralysed         |       |       |       |     3 ||     3
  Eat: Chunk             |     4 |     7 |    15 |     7 ||    33
       Ration            |       |       |     2 |     7 ||     9
Armor: Leather armour    |     7 |    36 |    39 |       ||    82
       Scale mail        |    87 |    81 |       |       ||   168
       Plate armour      |       |       |   218 |   678 ||   896
       Skin              |       |       |    21 |       ||    21
Dodge: Dodged            |    93 |   168 |   158 |   327 ||   746
Block: Other             |       |       |       |     8 ||     8

Vault maps used:
D:1:      kennysheep_arrival_forest, nrook_mini_vaults, st_stairs_13,
          kennysheep_decorative_pillar
D:2:      lemuel_round_altar, minitemple, first_ration, minmay_stone_trees_small
D:3:      lemuel_coloured_pillars_altar, bloody_trog
D:5:      lemuel_round_altar, led_xom_imps, uniq_menkaure
D:6:      old_standard_altar, minmay_temple_entry_statues_fountains,
          serial_shops, kennysheep_mini_moat, hangedman_decor_riveting,
          kb_lookout_dungeons_type, wad_floor_pattern_untrapped
D:8:      kennysheep_little_box
D:9:      hiddenorc2_lemuel, david_nohive_1, vehumet_altar_wand_db, uniq_erica
D:10:     david_greed
D:11:     minmay_lair_entry_grove
Temple:   dpeg_chambers_temple
Lair:1:   cheibrodos_lair_reptile_den, grunt_megastairs_2, serial_bayou_shore_a,
          lemuel_fruit_tree, serial_bayou_shore_b, uniq_fannar, uniq_sonja
